 Dungeon Crawl Stone Soup version 0.29.0-15-g675c0067aa (webtiles) character file.

Game seed: 7311287232040171745

320 sentinel the Magician (level 6, -9/43 HPs)
             Began as a Mummy Wanderer on Sept 11, 2022.
             Was an Initiate of Kikubaaqudgha.
             Mangled by an iguana (10 damage)
             ... on level 5 of the Dungeon.
             The game lasted 00:06:47 (1245 turns).

sentinel the Magician (Mummy Wanderer)              Turns: 1245, Time: 00:06:48

Health: -9/43      AC:  7    Str: 19    XL:     6   Next: 22%
Magic:  13/13      EV: 12    Int: 18    God:    Kikubaaqudgha [......]
Gold:   48         SH:  5    Dex: 15    Spells: 14/14 levels left

rFire   x . .      SeeInvis .   a - +1 trident
rCold   + . .      Faith    .   (no shield)
rNeg    + + +      Spirit   .   d - +0 leather armour
rPois   ∞          Reflect  +   j - +2 helmet
rElec   .          Harm     .   (no cloak)
rCorr   .          Rampage  .   (no gloves)
Will    .....                   i - +0 pair of boots
Stlth   ++........              g - amulet of reflection
HPRegen 0.14/turn               e - +6 ring of strength
MPRegen 0.13/turn               c - +6 ring of intelligence

@: no status effects
A: cold resistance 1, negative energy resistance 3, torment resistance 2, heat
vulnerability 1, in touch with death 1, no potions
a: Renounce Religion


You were on level 5 of the Dungeon.
You worshipped Kikubaaqudgha.
Kikubaaqudgha was noncommittal.
You visited 2 branches of the dungeon, and saw 7 of its levels.

You collected 102 gold pieces.
You spent 54 gold pieces at shops.

Inventory:

Hand Weapons
 a - a +1 trident (weapon)
 b - a +0 sling
Armour
 d - a +0 leather armour (worn)
 h - a +0 helmet
 i - a +0 pair of boots (worn)
 j - a +2 helmet (worn)
Jewellery
 c - a +6 ring of intelligence (right hand)
 e - a +6 ring of strength (left hand)
 g - an amulet of reflection (around neck)
 k - a +6 ring of strength
Scrolls
 f - 2 scrolls of vulnerability
 l - a scroll of immolation {unknown}
 m - a scroll of brand weapon {unknown}
 n - a scroll of enchant weapon {unknown}
 r - 2 scrolls of identify
 t - a scroll of teleportation
 u - a scroll of magic mapping


   Skills:
 - Level 1.0 Fighting
 - Level 2.4 Polearms
 - Level 2.4 Dodging
 - Level 1.5 Stealth
 - Level 4.9 Spellcasting
 * Level 4.7 Necromancy


You had 14 spell levels left.
You didn't know any spells.
Your spell library was empty.

Dungeon Overview and Level Annotations

Branches:
Dungeon (6/15) Zot: 26917  Temple (1/1) D:4 Zot: 5826

Altars:
Ashenzari
Kikubaaqudgha
Sif Muna
Vehumet
Wu Jian

Shops:
D:5 *

Annotations:
D:3 1 runed translucent door, diceflayer's ghost, amateur DsFi


Innate Abilities, Weirdness & Mutations

You are immune to poison.
Your flesh is cold resistant. (rC+)
You are immune to negative energy. (rN+++)
You are immune to unholy pain and torment.
You are vulnerable to heat. (rF-)
You are in touch with the powers of death.
You do not drink.


Message History

You climb downwards.
There is a stone staircase leading up here.
You shoot a sling bullet.
The sling bullet hits the howler monkey.
The howler monkey is moderately wounded.
You hear a croak.
A bullfrog comes into view.
a - a +1 trident (weapon)
The howler monkey misses you.
You barely miss the howler monkey.
The howler monkey is moderately wounded.
The howler monkey hits you but does no damage.
The bullfrog misses you. The howler monkey hits you.
The bullfrog closely misses you.
You climb upwards.
There is a stone staircase leading down here.
The howler monkey hoots and howls with incredible vigour!
The howler monkey barely misses you. The bullfrog closely misses you.
You hit the bullfrog.
The bullfrog is lightly wounded.
The bullfrog hits you.
You closely miss the bullfrog.
The bullfrog is lightly wounded.
The bullfrog hits you but does no damage. x2
The howler monkey hoots and howls with incredible vigour!
You barely miss the bullfrog.
The bullfrog is lightly wounded.
The bullfrog closely misses you.
The bullfrog hits you but does no damage.
You closely miss the bullfrog.
The bullfrog is lightly wounded.
The bullfrog hits you but does no damage.
The bullfrog snags a nearby mosquito with its tongue.
You block the bullfrog's attack.
You hit the bullfrog.
The bullfrog is heavily wounded.
You block the bullfrog's attack.
The bullfrog hits you but does no damage.
You hit the bullfrog.
The bullfrog is heavily wounded.
The howler monkey hoots and howls with incredible vigour!
You block the bullfrog's attack.
You closely miss the bullfrog.
The bullfrog is heavily wounded.
The bullfrog hits you but does no damage.
The bullfrog barely misses you.
You puncture the bullfrog!
The bullfrog is almost dead.
You block the bullfrog's attack. x2
You puncture the bullfrog!
You kill the bullfrog!
Kikubaaqudgha accepts your kill. The howler monkey hits you.
Your Necromancy skill increases to level 4!
You have reached level 6!
You hit the howler monkey.
The howler monkey is severely wounded.
The howler monkey barely misses you.
You barely miss the howler monkey.
The howler monkey is severely wounded.
The howler monkey hits you.
You barely miss the howler monkey.
The howler monkey is severely wounded.
You block the howler monkey's attack. The howler monkey hits you.
You barely miss the howler monkey.
The howler monkey is severely wounded.
The howler monkey closely misses you.
You barely miss the howler monkey.
The howler monkey is severely wounded.
You block the howler monkey's attack. The howler monkey barely misses you.
You hit the howler monkey.
The howler monkey is severely wounded.
The howler monkey hoots and howls with incredible vigour!
You hear an angry hiss.
You hit the howler monkey.
The howler monkey is severely wounded.
The howler monkey closely misses you.
You hit the howler monkey.
The howler monkey is almost dead.
The howler monkey hits you but does no damage.
You block the howler monkey's attack.
You barely miss the howler monkey.
The howler monkey is almost dead.
The howler monkey hits you but does no damage.
You closely miss the howler monkey.
The howler monkey is almost dead.
The howler monkey hits you. x2
You barely miss the howler monkey.
The howler monkey is severely wounded.
The howler monkey hits you.
You barely miss the howler monkey.
The howler monkey is severely wounded.
The howler monkey hoots and howls with incredible vigour!
You block the howler monkey's attack.
You hit the howler monkey.
You kill the howler monkey!
Kikubaaqudgha accepts your kill.
No target in view!
You see here a bullfrog corpse.
There is a stone staircase leading down here.
Found Rinun's Assorted Antiques.
Found a stone staircase leading up.
Found 6 gold pieces.
There is an entrance to Rinun's Assorted Antiques here.
m - a scroll labelled CECWOPN UTIYQ;
n - a scroll labelled YROHAO YMUDI Thank you for shopping at Rinun's Assorted Antiques!
You can access your shopping list by pressing '$'.
An iguana comes into view.
The iguana hisses angrily.
You see here 6 gold pieces.
You now have 48 gold pieces (gained 6).
You reach to attack!
You barely miss the iguana. You barely miss the iguana. The iguana bites you!
You puncture the iguana!
The iguana is heavily wounded.
The iguana closely misses you.
You barely miss the iguana.
The iguana is heavily wounded.
The iguana bites you! The iguana barely misses you.
You are too injured to fight recklessly!
You hit the iguana but do no damage.
The iguana is heavily wounded.
The iguana closely misses you.
You can't drink.
Okay, then.
You aren't carrying any items that you can evoke.
Unknown command.
You puncture the iguana!
The iguana is almost dead.
The iguana bites you.
* * * LOW HITPOINT WARNING * * *
You completely miss the iguana.
The iguana is almost dead.
The iguana barely misses you.
You barely miss the iguana.
The iguana is almost dead.
The iguana bites you but does no damage.
You hit the iguana but do no damage.
The iguana is almost dead.
The iguana bites you.
* * * LOW HITPOINT WARNING * * *
The iguana bites you!
* * * LOW HITPOINT WARNING * * *
HP warning!
You closely miss the iguana.
The iguana is almost dead.
The iguana bites you!
You die...
Kikubaaqudgha rasps: "You have failed me!
Welcome... oblivion!"

. . .#. ... #
#.# #. #.#
#.##.######.
##.#...........
......l@###
##.###....#
#.###..#.#
#.........#
...#####..###
##...###....#
..<....∩...#
........####
....##..#


You could see an iguana.

Vanquished Creatures
  A necrophage (D:4)
  A bullfrog (D:5)
  A howler monkey (D:5)
  2 jellies
  2 adders
  An ufetubus (D:4)
  2 worms
  4 dart slugs
  An orc (D:3)
  3 ball pythons
  3 endoplasms
  2 giant cockroaches (D:3)
  3 goblins
  12 hobgoblins
  5 jackals
  5 kobolds
  2 quokkas
  2 bats (D:2)
  4 frilled lizards (D:2)
  A rat (D:1)
57 creatures vanquished.

Notes
Turn   | Place    | Note
-------+----------+-------------------------------------------
     0 | D:1      | sentinel the Mummy Wanderer began the quest for the Orb.
     0 | D:1      | sentinel set off with the following items: a +1 trident, a
                  | +0 helmet, a +0 leather armour, a scroll of teleportation.
     0 | D:1      | Reached XP level 1. HP: 15/15 MP: 2/2
    43 | D:2      | Reached XP level 2. HP: 15/21 MP: 3/5
   250 | D:2      | Gained mutation: You are in touch with the powers of death.
                  | [Mummy growth]
   250 | D:2      | Reached XP level 3. HP: 15/26 MP: 8/8
   503 | D:4      | Noticed an ogre
   592 | D:3      | Reached XP level 4. HP: 23/32 MP: 10/10
   623 | D:4      | Found a staircase to the Ecumenical Temple.
   632 | Temple   | Entered the Ecumenical Temple
   789 | Temple   | Became a worshipper of Kikubaaqudgha
   838 | D:4      | Noticed a necrophage
   850 | D:4      | Killed a necrophage
   851 | D:4      | Reached XP level 5. HP: 30/37 MP: 12/12
  1031 | D:3      | Found a runed translucent door.
  1034 | D:3      | Noticed diceflayer's ghost (amateur DsFi)
  1125 | D:5      | Entered Level 5 of the Dungeon
  1187 | D:5      | Reached XP level 6. HP: 40/43 MP: 13/13
  1220 | D:5      | Found Rinun's Assorted Antiques.
  1228 | D:5      | Bought a scroll labelled CECWOPN UTIYQ for 27 gold pieces
  1228 | D:5      | Bought a scroll labelled YROHAO YMUDI for 27 gold pieces
  1244 | D:5      | HP: 1/43 [iguana (10)]
  1245 | D:5      | Mangled by an iguana

Illustrated notes

Levels and vault maps discovered:
D:1:      scummos_arrival_checkerplants, layout_rooms,
          shapermc_ecumenical_altar_hornbeckon
D:2:      layout_rooms, chequers_serial_rivers_room_a
D:3:      layout_loops_cross, ebering_ghost_sewer_d
D:4:      layout_cave_pools, minmay_temple_entry_large_hall
D:5:      layout_loops_ring, xom_confusion_cloud, serial_shops,
          nicolae_square_shop, gammafunk_ghost_smash
D:6:      layout_rooms, minmay_fountain_box, kennysheep_generic_room_10,
          uniq_sigmund
Temple:   bh_familiar_temple

Skill      XL: |  1  2  3  4  5 |
---------------+----------------+-----
Spellcasting   | 2 3 4 |  4.9
Necromancy     | 2 4 |  4.7
Fighting       | |  1.0
Polearms       | |  2.4
Dodging        | |  2.4
Stealth        | |  1.5

Action                   |  1- 3 |  4- 6 || total
-------------------------+-------+-------++-------
Melee: Trident           |   120 |   102 ||   222
       Punch             |     1 |       ||     1
 Fire: Sling             |       |     6 ||     6
  Use: Scroll            |     3 |       ||     3
 Stab: Sleeping          |     2 |       ||     2
Armor: Leather armour    |    41 |    30 ||    71
Dodge: Dodged            |    71 |    45 ||   116
Block: Other             |    19 |    16 ||    35
       Reflection        |       |     1 ||     1
